| TOP OF THE 1ST |
|
St. Louis Cardinals batting - Pitching for Milwaukee Brewers : RHP Travis Southern
|
|
Pitching: RHP Travis Southern
|
|
|
Batting: RHB Tenshou Takita
|
0-0: Called Strike 0-1: Foul Ball, location: 2F 0-2: Ball 1-2: Strikes out looking
|
|
Batting: RHB Klaas Meij
|
0-0: Foul Ball, location: 2F 0-1: Ball 1-1: Called Strike 1-2: Ground out 4-3 (Groundball, 4, EV 80.0 MPH)
|
|
Batting: RHB Pavpv Ivanushkin
|
0-0: Ball 1-0: Swinging Strike 1-1: Swinging Strike 1-2: Ball 2-2: Strikes out swinging
|
| Top of the 1st over - 0 runs, 0 hits, 0 errors, 0 left on base; St. Louis 0 - Milwaukee 0 |
| BOTTOM OF THE 1ST |
|
Milwaukee Brewers batting - Pitching for St. Louis Cardinals : LHP Nate Crow
|
|
Pitching: LHP Nate Crow
|
|
|
Batting: RHB Akitada Nishizawa
|
0-0: Ball 1-0: Hit by Pitch
|
|
Batting: RHB Daniel Donovan
|
0-0: Ball 1-0: Ball 2-0: Called Strike 2-1: Ball Akitada Nishizawa is caught stealing 2nd base 2-4 3-1: Ground out 6-3 (Groundball, 4M, EV 86.2 MPH)
|
|
Batting: SHB Lewis Thorpe Jr.
|
0-0: Ball 1-0: Swinging Strike 1-1: Called Strike 1-2: Strikes out swinging
|
| Bottom of the 1st over - 0 runs, 0 hits, 0 errors, 0 left on base; St. Louis 0 - Milwaukee 0 |
| TOP OF THE 2ND |
|
St. Louis Cardinals batting - Pitching for Milwaukee Brewers : RHP Travis Southern
|
|
Batting: RHB Melvin Enriquez
|
0-0: Ball 1-0: Foul Ball, location: 2F 1-1: Swinging Strike 1-2: Ball 2-2: Foul Ball, location: 2F 2-2: Strikes out swinging
|
|
Batting: LHB Tom Butterbaugh
|
0-0: Ball 1-0: Foul Ball, location: 2F 1-1: SINGLE (Line Drive, 9S, EV 91.9 MPH)
|
|
Batting: RHB Nick Gentzel
|
0-0: Called Strike 0-1: Swinging Strike 0-2: Ball 1-2: Ball 2-2: Ball 3-2: Base on Balls Tom Butterbaugh to second
|
|
Batting: RHB Fabrice Bertin
|
0-0: Foul Ball, location: 2F 0-1: Swinging Strike 0-2: Strikes out swinging
|
|
Batting: RHB Terry Baginski
|
0-0: Ball 1-0: DOUBLE (Flyball, 8LXD, EV 105.0 MPH) Tom Butterbaugh scores Nick Gentzel to third Runner from 3rd tries for Home, SAFE, throw by CF to home
|
|
Batting: RHB Travis Leonard
|
0-0: Ball 1-0: SINGLE (Groundball, 4M, EV 97.5 MPH) (infield hit) Terry Baginski to third
|
|
Batting: RHB Tenshou Takita
|
0-0: Ground out 5-3 (Groundball, 56S, EV 90.0 MPH)
|
| Top of the 2nd over - 2 runs, 3 hits, 0 errors, 2 left on base; St. Louis 2 - Milwaukee 0 |
| BOTTOM OF THE 2ND |
|
Milwaukee Brewers batting - Pitching for St. Louis Cardinals : LHP Nate Crow
|
|
Batting: SHB Jason Woods
|
0-0: Ball 1-0: Foul Ball, location: 2F 1-1: Called Strike 1-2: Foul Ball, location: 2F 1-2: Ball 2-2: Ground out 3-1 (Groundball, 34, EV 81.2 MPH)
|
|
Batting: RHB Adrian Rudkilde
|
0-0: Called Strike 0-1: Swinging Strike 0-2: Ball 1-2: Strikes out swinging
|
|
Batting: RHB Noah Stanley
|
0-0: Ball 1-0: Ball 2-0: Called Strike 2-1: Called Strike 2-2: Fly out, F8 (Flyball, 8RD, EV 98.1 MPH)
|
| Bottom of the 2nd over - 0 runs, 0 hits, 0 errors, 0 left on base; St. Louis 2 - Milwaukee 0 |
| TOP OF THE 3RD |
|
St. Louis Cardinals batting - Pitching for Milwaukee Brewers : RHP Travis Southern
|
|
Batting: RHB Klaas Meij
|
0-0: Ball 1-0: Foul Ball, location: 2F 1-1: Foul Ball, location: 2F 1-2: Fly out, F8 (Flyball, 89D, EV 101.2 MPH)
|
|
Batting: RHB Pavpv Ivanushkin
|
0-0: Called Strike 0-1: Ground out U3 (Groundball, 34, EV 88.1 MPH)
|
|
Batting: RHB Melvin Enriquez
|
0-0: Called Strike 0-1: Ball 1-1: Ball 2-1: Ground out U3 (Groundball, 3, EV 103.1 MPH)
|
| Top of the 3rd over - 0 runs, 0 hits, 0 errors, 0 left on base; St. Louis 2 - Milwaukee 0 |
| BOTTOM OF THE 3RD |
|
Milwaukee Brewers batting - Pitching for St. Louis Cardinals : LHP Nate Crow
|
|
Batting: SHB Jean-François Bernard
|
0-0: Ball 1-0: Called Strike 1-1: Ball 2-1: Fly out, F9 (Line Drive, 9, EV 103.8 MPH)
|
|
Batting: RHB Bobby Muniz
|
0-0: SINGLE (Groundball, 56D, EV 105.6 MPH)
|
|
Batting: RHB Kisho Ito
|
0-0: Ball 1-0: 2-RUN HOME RUN (Flyball, 7D, EV 101.2 MPH), Distance : 392 ft
|
|
Batting: RHB Akitada Nishizawa
|
0-0: Ball 1-0: Ball 2-0: Swinging Strike 2-1: Ball 3-1: SINGLE (Groundball, 6D, EV 104.4 MPH)
|
|
Batting: RHB Daniel Donovan
|
0-0: Ball 1-0: Foul Ball, location: 2F 1-1: SINGLE (Flyball, 9LS, EV 93.8 MPH) Akitada Nishizawa to second
|
|
Batting: SHB Lewis Thorpe Jr.
|
0-0: Fly out, F8 (Flyball, 8RM, EV 93.1 MPH)
|
|
Batting: SHB Jason Woods
|
0-0: Foul Ball, location: 2F 0-1: Foul Ball, location: 2F 0-2: SINGLE (Groundball, 6MD, EV 100.6 MPH) Akitada Nishizawa to third Daniel Donovan to second Runner from 3rd tries for Home, SAFE, throw by CF to home
|
|
Batting: RHB Adrian Rudkilde
|
0-0: Fly out, F7 (Flyball, 7, EV 86.2 MPH)
|
| Bottom of the 3rd over - 3 runs, 5 hits, 0 errors, 2 left on base; St. Louis 2 - Milwaukee 3 |
| TOP OF THE 4TH |
|
St. Louis Cardinals batting - Pitching for Milwaukee Brewers : RHP Travis Southern
|
|
Batting: LHB Tom Butterbaugh
|
0-0: Called Strike 0-1: Ball 1-1: Ground out 5-3 (Groundball, 56, EV 106.9 MPH)
|
|
Batting: RHB Nick Gentzel
|
0-0: Ball 1-0: Ball 2-0: Ball 3-0: Foul Ball, location: 2F 3-1: SINGLE (Line Drive, 8LS, EV 94.4 MPH)
|
|
Batting: RHB Fabrice Bertin
|
0-0: Ball 1-0: Foul Ball, location: 2F 1-1: Ball 2-1: Foul Ball, location: 2F 2-2: Ball 3-2: Base on Balls Nick Gentzel to second
|
|
Batting: RHB Terry Baginski
|
0-0: Swinging Strike 0-1: Called Strike 0-2: Ball 1-2: Ball 2-2: Strikes out swinging
|
|
Batting: RHB Travis Leonard
|
0-0: Ball 1-0: Foul Ball, location: 2F 1-1: Swinging Strike 1-2: Ball 2-2: Ball 3-2: Base on Balls Nick Gentzel to third Fabrice Bertin to second
|
|
Batting: RHB Tenshou Takita
|
0-0: Foul Ball, location: 2F 0-1: Ball 1-1: Foul Ball, location: 2F 1-2: Strikes out swinging
|
| Top of the 4th over - 0 runs, 1 hit, 0 errors, 3 left on base; St. Louis 2 - Milwaukee 3 |
| BOTTOM OF THE 4TH |
|
Milwaukee Brewers batting - Pitching for St. Louis Cardinals : LHP Nate Crow
|
|
Batting: RHB Noah Stanley
|
0-0: Called Strike 0-1: Ground out 3-1 (Groundball, 34, EV 85.6 MPH)
|
|
Batting: SHB Jean-François Bernard
|
0-0: Ball 1-0: Ball 2-0: Foul Ball, location: 2F 2-1: Foul Ball, location: 2F 2-2: Ball 3-2: Foul Ball, location: 2F 3-2: Base on Balls
|
|
Batting: RHB Bobby Muniz
|
0-0: Called Strike 0-1: Ball 1-1: Ball 2-1: DOUBLE (Flyball, 8RD, EV 85.0 MPH) Jean-François Bernard to third
|
|
Batting: RHB Kisho Ito
|
0-0: Ball 1-0: Ball 2-0: Ball 3-0: Base on Balls
|
|
Batting: RHB Akitada Nishizawa
|
0-0: Called Strike 0-1: Swinging Strike 0-2: Ball 1-2: Foul Ball, location: 2F 1-2: Foul Ball, location: 2F 1-2: Fly out, F6 (Line Drive, 6M, EV 70.6 MPH) Lined into DP, U6 (Line Drive, 6M, EV 71.2 MPH)
|
| Bottom of the 4th over - 0 runs, 1 hit, 0 errors, 2 left on base; St. Louis 2 - Milwaukee 3 |
| TOP OF THE 5TH |
|
St. Louis Cardinals batting - Pitching for Milwaukee Brewers : RHP Travis Southern
|
|
Batting: RHB Klaas Meij
|
0-0: Ball 1-0: Called Strike 1-1: Ball 2-1: Ground out 6-3 (Groundball, 6D, EV 111.9 MPH)
|
|
Batting: RHB Pavpv Ivanushkin
|
0-0: Foul Ball, location: 2F 0-1: SINGLE (Groundball, 56S, EV 68.8 MPH) (infield hit)
|
|
Batting: RHB Melvin Enriquez
|
0-0: Called Strike 0-1: Swinging Strike 0-2: TRIPLE (Line Drive, 89XD, EV 105.6 MPH) Pavpv Ivanushkin scores
|
|
Batting: LHB Tom Butterbaugh
|
0-0: Called Strike 0-1: Ball 1-1: Called Strike 1-2: Ball 2-2: Foul Ball, location: 2F 2-2: Ball 3-2: Base on Balls
|
|
Batting: RHB Nick Gentzel
|
0-0: Ball 1-0: Swinging Strike 1-1: Foul Ball, location: 2F 1-2: Ball 2-2: Ball 3-2: Foul Ball, location: 2F 3-2: Fly out, F8 (Flyball, 8LD, EV 96.2 MPH)
|
|
Batting: RHB Fabrice Bertin
|
0-0: Swinging Strike 0-1: Called Strike Tom Butterbaugh steals 2nd, throwing error, E2 Melvin Enriquez scores Tom Butterbaugh to third 0-2: Ground out 6-3 (Groundball, 6, EV 86.9 MPH)
|
| Top of the 5th over - 2 runs, 2 hits, 1 error, 1 left on base; St. Louis 4 - Milwaukee 3 |
| BOTTOM OF THE 5TH |
|
Milwaukee Brewers batting - Pitching for St. Louis Cardinals : LHP Nate Crow
|
|
Batting: RHB Daniel Donovan
|
0-0: Ball 1-0: Ball 2-0: Foul Ball, location: 2F 2-1: Ball 3-1: Base on Balls
|
|
Batting: SHB Lewis Thorpe Jr.
|
0-0: Foul Ball, location: 2F 0-1: Called Strike Daniel Donovan is caught stealing 2nd base 2-4 0-2: Ball 1-2: Ball 2-2: Ball 3-2: Foul Ball, location: 2F 3-2: Foul Ball, location: 2F 3-2: Base on Balls
|
|
Batting: SHB Jason Woods
|
0-0: Ball Lewis Thorpe Jr. steals 2nd base (no throw) 1-0: Fly out, F8 (Line Drive, 8RM, EV 107.5 MPH)
|
|
Batting: RHB Adrian Rudkilde
|
0-0: Called Strike 0-1: Ball 1-1: Foul Ball, location: 2F 1-2: Strikes out looking
|
| Bottom of the 5th over - 0 runs, 0 hits, 0 errors, 1 left on base; St. Louis 4 - Milwaukee 3 |
| TOP OF THE 6TH |
|
St. Louis Cardinals batting - Pitching for Milwaukee Brewers : RHP Travis Southern
|
|
Pitching: LHP Antonio Diaz
|
|
|
Batting: RHB Terry Baginski
|
0-0: Fly out, F8 (Flyball, 8RS, EV 90.0 MPH)
|
|
Batting: RHB Travis Leonard
|
0-0: Called Strike 0-1: Called Strike 0-2: Ball 1-2: Foul Ball, location: 2F 1-2: Strikes out swinging
|
|
Batting: RHB Tenshou Takita
|
0-0: Ball 1-0: Foul Ball, location: 2F 1-1: Ground out 5-3 (Groundball, 56, EV 88.8 MPH)
|
| Top of the 6th over - 0 runs, 0 hits, 0 errors, 0 left on base; St. Louis 4 - Milwaukee 3 |
| BOTTOM OF THE 6TH |
|
Milwaukee Brewers batting - Pitching for St. Louis Cardinals : LHP Nate Crow
|
|
Batting: RHB Noah Stanley
|
0-0: Called Strike 0-1: Ball 1-1: Ball 2-1: Ball 3-1: Reached on error, E6 (Groundball, 56, EV 87.5 MPH)
|
|
Batting: SHB Jean-François Bernard
|
0-0: Ball 1-0: Called Strike 1-1: Ball 2-1: Fly out, F4 (Line Drive, 4, EV 76.2 MPH)
|
|
Batting: RHB Bobby Muniz
|
0-0: Grounds into double play, 4-6-3 (Groundball, 4, EV 105.0 MPH)
|
| Bottom of the 6th over - 0 runs, 0 hits, 1 error, 0 left on base; St. Louis 4 - Milwaukee 3 |
| TOP OF THE 7TH |
|
St. Louis Cardinals batting - Pitching for Milwaukee Brewers : LHP Antonio Diaz
|
|
Batting: RHB Klaas Meij
|
0-0: DOUBLE (Flyball, 8RXD, EV 108.8 MPH)
|
|
Batting: RHB Pavpv Ivanushkin
|
0-0: Foul Ball, location: 2F 0-1: Called Strike 0-2: Ball 1-2: Strikes out looking
|
|
Batting: RHB Melvin Enriquez
|
0-0: Intentional Walk
|
|
Batting: LHB Tom Butterbaugh
|
0-0: Ball 1-0: Called Strike 1-1: Ball 2-1: Foul Ball, location: 2F 2-2: Strikes out swinging
|
|
Batting: RHB Nick Gentzel
|
0-0: Ball 1-0: Ball 2-0: Ball 3-0: Base on Balls Klaas Meij to third Melvin Enriquez to second
|
|
Batting: RHB Fabrice Bertin
|
0-0: Ball 1-0: Swinging Strike 1-1: Swinging Strike 1-2: Ball 2-2: Strikes out swinging
|
| Top of the 7th over - 0 runs, 1 hit, 0 errors, 3 left on base; St. Louis 4 - Milwaukee 3 |
| BOTTOM OF THE 7TH |
|
Milwaukee Brewers batting - Pitching for St. Louis Cardinals : LHP Nate Crow
|
|
Batting: RHB Kisho Ito
|
0-0: Foul Ball, location: 2F 0-1: Ball 1-1: Fly out, F9 (Line Drive, 9LS, EV 106.9 MPH)
|
|
Pitching: LHP Brad Jonas
|
|
|
Batting: RHB Akitada Nishizawa
|
0-0: Foul Ball, location: 2F 0-1: Swinging Strike 0-2: Ball 1-2: Strikes out swinging
|
|
Batting: RHB Daniel Donovan
|
0-0: Ball 1-0: Called Strike 1-1: SINGLE (Line Drive, 5D, EV 105.6 MPH)
|
|
Batting: SHB Lewis Thorpe Jr.
|
0-0: Ball 1-0: Fly out, F8 (Flyball, 8LD, EV 92.5 MPH)
|
| Bottom of the 7th over - 0 runs, 1 hit, 0 errors, 1 left on base; St. Louis 4 - Milwaukee 3 |
| TOP OF THE 8TH |
|
St. Louis Cardinals batting - Pitching for Milwaukee Brewers : LHP Antonio Diaz
|
|
Batting: RHB Terry Baginski
|
0-0: Ground out 3-1 (Groundball, 34, EV 83.8 MPH)
|
|
Batting: RHB Travis Leonard
|
0-0: Foul Ball, location: 2F 0-1: Foul Ball, location: 2F 0-2: Foul Ball, location: 2F 0-2: Fly out, F8 (Flyball, 8RD, EV 101.2 MPH)
|
|
Batting: RHB Tenshou Takita
|
0-0: Ball 1-0: Called Strike 1-1: Ball 2-1: Ball 3-1: Base on Balls
|
|
Batting: RHB Klaas Meij
|
0-0: Called Strike 0-1: DOUBLE (Flyball, 78D, EV 100.0 MPH) Tenshou Takita to third
|
|
Batting: RHB Pavpv Ivanushkin
|
0-0: Called Strike 0-1: Foul Ball, location: 2F 0-2: Ball 1-2: Ball 2-2: Ball 3-2: Fly out, F8 (Flyball, 8RS, EV 87.5 MPH)
|
| Top of the 8th over - 0 runs, 1 hit, 0 errors, 2 left on base; St. Louis 4 - Milwaukee 3 |
| BOTTOM OF THE 8TH |
|
Milwaukee Brewers batting - Pitching for St. Louis Cardinals : LHP Brad Jonas
|
|
Batting: SHB Jason Woods
|
0-0: Called Strike 0-1: SINGLE (Line Drive, 7S, EV 106.2 MPH)
|
|
Batting: RHB Adrian Rudkilde
|
0-0: Called Strike 0-1: Ball 1-1: DOUBLE (Line Drive, 89XD, EV 106.2 MPH) Jason Woods to third
|
|
Batting: RHB Noah Stanley
|
0-0: Ball 1-0: Called Strike 1-1: Ball 2-1: Foul Ball, location: 2F 2-2: Strikes out swinging
|
|
Batting: SHB Jean-François Bernard
|
0-0: Called Strike 0-1: Ball 1-1: Ball 2-1: Foul Ball, location: 2F 2-2: Ball 3-2: Strikes out swinging
|
|
Batting: RHB Bobby Muniz
|
0-0: Ball 1-0: Foul Ball, location: 2F 1-1: Called Strike 1-2: Foul Ball, location: 2F 1-2: Ball 2-2: Foul Ball, location: 2F 2-2: Strikes out swinging
|
| Bottom of the 8th over - 0 runs, 2 hits, 0 errors, 2 left on base; St. Louis 4 - Milwaukee 3 |
| TOP OF THE 9TH |
|
St. Louis Cardinals batting - Pitching for Milwaukee Brewers : LHP Antonio Diaz
|
|
Pitching: RHP Chitoji Takemoto
|
|
|
Batting: RHB Melvin Enriquez
|
0-0: Ground out 5-3 (Groundball, 56, EV 103.8 MPH)
|
|
Batting: LHB Tom Butterbaugh
|
0-0: Ground out U3 (Groundball, 3L, EV 82.5 MPH)
|
|
Batting: RHB Nick Gentzel
|
0-0: Ball 1-0: Foul Ball, location: 2F 1-1: Called Strike 1-2: Ball 2-2: Foul Ball, location: 2F 2-2: Ground out 5-3 (Groundball, 5D, EV 88.1 MPH)
|
| Top of the 9th over - 0 runs, 0 hits, 0 errors, 0 left on base; St. Louis 4 - Milwaukee 3 |
| BOTTOM OF THE 9TH |
|
Milwaukee Brewers batting - Pitching for St. Louis Cardinals : LHP Brad Jonas
|
|
Pitching: RHP Bryan Banana
|
|
|
Batting: RHB Kisho Ito
|
0-0: Ball 1-0: Called Strike 1-1: Ground out 4-3 (Groundball, 4S, EV 78.1 MPH)
|
|
Batting: RHB Akitada Nishizawa
|
0-0: Ball 1-0: Swinging Strike 1-1: Foul Ball, location: 2F 1-2: Strikes out swinging, 2-3 out at first.
|
|
Batting: SHB Jamel Wright
|
0-0: Foul Ball, location: 2F 0-1: Ball 1-1: Ball 2-1: Foul Ball, location: 2F 2-2: DOUBLE (Flyball, 78XD, EV 103.8 MPH)
|
|
Batting: SHB Lewis Thorpe Jr.
|
0-0: Swinging Strike 0-1: Ball 1-1: Foul Ball, location: 2F 1-2: Foul Ball, location: 2F 1-2: Ball 2-2: Ball 3-2: Ground out 4-3 (Groundball, 34, EV 101.9 MPH)
|
| Bottom of the 9th over - 0 runs, 1 hit, 0 errors, 1 left on base; St. Louis 4 - Milwaukee 3 |
|